 Dungeon Crawl Stone Soup version 0.26-a0-812-g31a745ddcd (webtiles) character file.

Game seed: 10444963741067880067

21 Mesmaeker13 the Caller (level 2, -3/15 HPs)
             Began as a Tengu Summoner on Nov 23, 2020.
             Slain by a kobold
             ... wielding a +0 club
              (6 damage)
             ... on level 1 of the Dungeon.
             The game lasted 00:01:14 (990 turns).

Mesmaeker13 the Caller (Tengu Summoner)              Turns: 990, Time: 00:01:15

Health: -3/15      AC:  2    Str:  8    XL:     2   Next: 87%
Magic:  3/6        EV: 13    Int: 15    God:
Gold:   17         SH:  0    Dex: 14    Spells: 4/5 levels left

rFire    . . .     SeeInvis .   (no weapon)
rCold    . . .     Faith    .   (no shield)
rNeg     . . .     Spirit   .   a - +0 robe
rPois    +         Reflect  .   (helmet restricted)
rElec    .         Harm     .   (no cloak)
rCorr    .         Rampage  .   (no gloves)
MR       .....                  (boots unavailable)
Stlth    ++........             (no amulet)
HPRegen  0.05/turn              b - ring of poison resistance
MPRegen  0.10/turn              (no ring)

@: no status effects
A: beak, talons 3
a: no special abilities


You were on level 1 of the Dungeon.
You visited 1 branch of the dungeon, and saw 1 of its levels.

You collected 17 gold pieces.

Inventory:

Armour
 a - a +0 robe (worn)
Jewellery
 b - a ring of poison resistance (left hand)
Scrolls
 c - a scroll of enchant weapon {unknown}
 d - a scroll of identify {unknown}
 e - a scroll of teleportation {unknown}
 f - a scroll of fog {unknown}
 g - a scroll of remove curse {unknown}


   Skills:
 + Level 2.7 Dodging
 - Level 2.0 Stealth
 + Level 2.4 Spellcasting
 + Level 5.1 Summonings


You had 4 spell levels left.
You knew the following spells:

 Your Spells              Type           Power        Failure   Level
a - Summon Small Mammal   Summ           ###.         2%          1

Your spell library contained the following spells:

 Spells                   Type           Power        Failure   Level
 Call Imp                 Summ           ###.....     3%          2
 Call Canine Familiar     Summ           ###.....     8%          3
 Summon Guardian Golem    Hex/Summ       #.......     22%         3
 Summon Ice Beast         Ice/Summ       #.......     58%         4
 Summon Lightning Spire   Summ/Air       #.......     58%         4


Dungeon Overview and Level Annotations

Branches:
Dungeon (1/15)

Altars:
Ashenzari


Innate Abilities, Weirdness & Mutations

You have a beak for a mouth.
You have claws for feet.


Message History

Your bat hits the kobold but does no damage.
The kobold hits you with a +0 club.
Your bat hits the kobold but does no damage.
The kobold hits you with a +0 whip.
Your rat bites the kobold but does no damage.
The kobold closely misses you.
Casting: Summon Small Mammal (safe; 2% risk of failure)
Confirm with . or Enter, or press ? or * to list all spells.
Your bat hits the kobold but does no damage.
The kobold hits you with a +0 whip.
* * * LOW HITPOINT WARNING * * *
Your rat bites the kobold.
Your bat barely misses the kobold. x2; The kobold closely misses you.
Your quokka bites the kobold.
The kobold closely misses you.
Your rat bites the kobold but does no damage.
Unknown command.
Your bat misses the kobold.
Your quokka bites the kobold.
The kobold dies!
Your bat misses the kobold. The kobold hits you with a +0 club.
You die...

...##.# #..#
#.# #####.#
#..# #.# #.#
#..# #.## #.#
#..# #...
#.############
#.. ####
#.....>......#
############.#
#.########
#@........
#K.###### #r.#
### .......b#
... ##....r..
### #.#######
#


You could see a kobold, a friendly quokka (summoned), a friendly bat (summoned)
and a friendly rat (summoned).

Vanquished Creatures
  A dart slug (D:1)
  A leopard gecko (D:1)
  A bat (D:1)
  A giant cockroach (D:1)
  A goblin (D:1)
  A hobgoblin (D:1)
  2 rats (D:1)
8 creatures vanquished.

Vanquished Creatures (collateral kills)
  A dart slug (D:1)
  A goblin (D:1)
  5 hobgoblins (D:1)
  2 kobolds (D:1)
  3 bats (D:1)
  A frilled lizard (D:1)
13 creatures vanquished.

Grand Total: 21 creatures vanquished

Notes
Turn   | Place    | Note
-------+----------+-------------------------------------------
     0 | D:1      | Mesmaeker13 the Tengu Summoner began the quest for the Orb.
     0 | D:1      | Reached XP level 1. HP: 10/10 MP: 4/4
    90 | D:1      | Reached skill level 5 in Summonings
    95 | D:1      | Reached XP level 2. HP: 13/15 MP: 6/6
   133 | D:1      | Found a broken altar of Ashenzari.
   990 | D:1      | Slain by a kobold

Illustrated notes

Levels and vault maps discovered:
D:1:      dpeg_arrival_rooms_c, layout_loops_ring,
          chequers_serial_rivers_micro_c, evilmike_ruin_ashenzari

Skill      XL: |  1 |
---------------+----+-----
Summonings     | 5 |  5.1
Dodging        | |  2.7
Stealth        | |  2.0
Spellcasting   | |  2.4

Action                   || total
-------------------------++-------
Melee: Unarmed           ||    48
       Kick              ||     9
       Peck              ||     4
 Cast: Summon Small Mamm ||    20
 Stab: Distracted        ||     1
       Sleeping          ||     1
Armor: Robe              ||    16
Dodge: Dodged            ||    56

Table legend: (Time is in decaauts)
 A = Elapsed time spent in this place.
 B = Non-inter-level travel time spent in this place.
 C = Inter-level travel time spent in this place.
 D = Time resting spent in this place.
 E = Time spent auto-exploring this place.
 F = Levels seen in this place.
 G = Mean time per level.
                   A        B        C        D        E       F      G
               +--------+--------+--------+--------+--------+-----+--------+
         Total |    989 |    989 |      0 |    318 |    479 |   1 |  989.0 |
       Dungeon |    989 |    989 |      0 |    318 |    479 |   1 |  989.0 |
               +--------+--------+--------+--------+--------+-----+--------+

Top non-repeatable levels by time:
     D:1: 989 daAuts
